 Dungeon Crawl Stone Soup version 0.28.0-62-gf88900778d (webtiles) character file.

Game seed: 12063502943493819630

3609 cbfl8 the Chopper (level 9, 0/69 HPs)
             Began as a Demonspawn Berserker on July 3, 2023.
             Was a Priest of Trog.
             Slain by a vault guard
             ... wielding a +0 broad axe
              (12 damage)
             ... in a bailey.
             The game lasted 00:09:09 (10030 turns).

cbfl8 the Chopper (Demonspawn Berserker)           Turns: 10030, Time: 00:09:09

Health: 0/69       AC: 17    Str: 18    XL:     9   Next: 86%
Magic:  18/18      EV:  3    Int:  9    God:    Trog [***...]
Gold:   372        SH: 10    Dex: 18    Spells: 8/8 levels left

rFire   + . .      SeeInvis .   g - +0 hand axe (flame)
rCold   + . .      Faith    .   c - +0 buckler
rNeg    . . .      Spirit   .   m - +0 gold dragon scales
rPois   +          Reflect  +   (helmet restricted)
rElec   .          Harm     .   (no cloak)
rCorr   .          Rampage  .   d - +1 pair of gloves
Will    ++...                   (no boots)
Stlth   ..........              k - amulet of reflection
HPRegen 1.21/turn               h - ring of magical power
MPRegen 0.16/turn               (no ring)

@: strong-willed, on berserk cooldown, regenerating, slowed, very slow
A: antennae 1, thin skeletal structure 1, foul stench 1
a: Renounce Religion, Berserk, Trog's Hand


You were in a bailey.
You worshipped Trog.
Trog was most pleased with you.
You visited 1 branch of the dungeon, and saw 7 of its levels.
You also visited: Bailey.

You collected 372 gold pieces.

Inventory:

Hand Weapons
 g - a +0 hand axe of flaming (weapon)
 t - a +0 war axe
 u - a +0 broad axe
Armour
 c - a +0 buckler (worn)
 d - a +1 pair of gloves (worn)
 m - +0 gold dragon scales (worn)
Jewellery
 h - a ring of magical power (left hand)
 k - an amulet of reflection (around neck)
Wands
 r - a wand of flame (11)
Scrolls
 b - 4 scrolls of identify
 e - 5 scrolls of noise
 n - 2 scrolls of enchant armour
 o - a scroll of fog
Potions
 a - 3 potions of curing
 f - a potion of mutation
 l - a potion of flight


   Skills:
 + Level 5.6 Fighting
 + Level 7.3 Axes
 + Level 5.6 Armour
 * Level 3.9 Dodging
 * Level 3.3 Stealth
 + Level 3.9 Shields
 * Level 6.0 Evocations


You had 8 spell levels left.
You didn't know any spells.
Your spell library was empty.

Dungeon Overview and Level Annotations

Branches:
Dungeon (7/15)             Temple (0/1) D:4          Bailey (1/1)

Altars:
Elyvilon
Fedhas
Hepliaklqana

Shops:
D:6 *


Innate Abilities, Weirdness & Mutations

You have a pair of small antennae on your head.
You have a somewhat thin skeletal structure. (Dex +2, Stealth+)
You may rarely emit foul miasma when damaged in melee.


Message History

You hear a splash.
The blink frog blinks!
The vault guard hits you with a +0 broad axe.
* * * LOW HITPOINT WARNING * * *
The blink frog blinks!
The vault guard hits you with a +0 broad axe.
* * * LOW HITPOINT WARNING * * *
Throw: 2 throwing nets
Press: ? - help, Q - select action, (/) - cycle Shift-Dir - straight line, f/p - vault guard
Aim: a vault guard, wielding a +0 broad axe and wearing a +0 plate armour (severely wounded, 63% to hit)
You throw a throwing net. The throwing net hits the vault guard.
The vault guard is caught in the net!
The vault guard is severely wounded.
The vault guard struggles against the net.
You hit the vault guard but do no damage.
The vault guard is severely wounded.
The vault guard struggles against the net. x2
You hit the vault guard. You burn the vault guard.
The vault guard is severely wounded.
The vault guard struggles against the net.
You hit the vault guard. You burn the vault guard.
The vault guard is almost dead.
The blink frog blinks!
The vault guard struggles against the net.
You catch the helpless vault guard completely off-guard!
You hit the vault guard. You burn the vault guard.
The vault guard is almost dead.
The vault guard struggles against the net.
The net rips apart, and the vault guard comes free!
The vault guard hits you with a +0 broad axe!
* * * LOW HITPOINT WARNING * * *
Throw: throwing net
Press: ? - help, Q - select action, (/) - cycle Shift-Dir - straight line, f/p - vault guard
Aim: a vault guard, wielding a +0 broad axe and wearing a +0 plate armour (almost dead, 63% to hit)
You throw a throwing net.
The throwing net barely misses the vault guard.
The throwing net barely misses the blink frog.
You hear a splash.
The vault guard hits you with a +0 broad axe!
You die...

########## ##...##≈≈≈##
##....#≈≈≈≈≈#
##....@pF≈≈≈(#####
#......#≈≈≈≈##...##
#######....##≈≈≈'..∩..#
###≈≈≈≈≈###))######.....#
##≈≈≈≈≈≈≈≈≈##'#..).'..∩F.#
##≈≈≈≈≈≈≈≈≈≈≈#.)...)##...##
#≈≈≈≈≈≈≈≈≈≈≈##.....).#####
## #≈.≈≈...≈≈≈#######)).#
... #..≈..≈≈.≈≈≈≈#..##p.#


You could see a vault guard and a blink frog.

Vanquished Creatures
  A vault guard (Bailey)
  4 humans (Bailey)
  A necrophage (D:4)
  An ice beast (D:5)
  A black bear (D:6)
  3 orc warriors
  2 ogres
  A centaur (D:6)
  A phantom (D:6)
  8 bullfrogs (Bailey)
  2 scorpions
  A gnoll sergeant (D:6)
  A water moccasin skeleton (D:5)
  A bullfrog zombie (D:6)
  A centaur zombie (D:6)
  A centaur skeleton (D:4)
  A hound (D:6)
  2 jellies (D:5)
  5 orc priests
  4 iguanas (D:5)
  8 orc wizards
  A hound skeleton (D:4)
  3 adders
  5 gnolls
  A white imp (D:7)
  3 worms
  30 orcs
  7 endoplasms
  4 giant cockroaches
  3 goblins
  9 hobgoblins
  3 jackals (D:2)
  9 kobolds
  3 quokkas
  3 ball pythons
  A bat (D:2)
  2 frilled lizards
  5 rats
142 creatures vanquished.

Notes
Turn   | Place    | Note
-------+----------+-------------------------------------------
     0 | D:1      | cbfl8 the Demonspawn Berserker began the quest for the Orb.
     0 | D:1      | Reached XP level 1. HP: 18/18 MP: 1/1
   424 | D:1      | Found a faded altar of an unknown god.
   488 | D:1      | Gained mutation: You have a pair of small antennae on your
                  | head. [demonic ancestry]
   488 | D:1      | Reached XP level 2. HP: 20/24 MP: 2/2
   947 | D:2      | Reached skill level 1 in Evocations
  1159 | D:2      | Reached skill level 3 in Axes
  1159 | D:2      | Reached XP level 3. HP: 26/29 MP: 3/3
  1161 | D:2      | Reached ** piety under Trog
  1494 | D:2      | Reached XP level 4. HP: 37/37 MP: 4/4
  2646 | D:4      | Found a staircase to the Ecumenical Temple.
  2908 | D:4      | Found a hazy altar of Hepliaklqana.
  2927 | D:4      | Noticed a necrophage
  2938 | D:4      | Killed a necrophage
  2939 | D:4      | Gained mutation: You may rarely emit foul miasma when
                  | damaged in melee. [demonic ancestry]
  2939 | D:4      | Reached XP level 5. HP: 42/42 MP: 5/5
  3076 | D:4      | Reached skill level 4 in Axes
  3079 | D:4      | Reached XP level 6. HP: 48/48 MP: 6/6
  3771 | D:5      | Entered Level 5 of the Dungeon
  3860 | D:5      | Reached skill level 1 in Shields
  3982 | D:5      | Reached XP level 7. HP: 49/54 MP: 7/7
  4153 | D:5      | Reached skill level 5 in Axes
  4877 | D:5      | Reached *** piety under Trog
  4883 | D:5      | Found a large runed translucent door.
  4883 | D:5      | Found a large runed translucent door.
  5739 | D:5      | Found a blossoming altar of Fedhas.
  5855 | D:5      | Identified the +9 trident "Faibb" {pain, Int+4}
  5897 | D:6      | Gained mutation: You have a somewhat thin skeletal
                  | structure. (Dex +2, Stealth+) [demonic ancestry]
  5897 | D:6      | Reached XP level 8. HP: 47/61 MP: 8/8
  6978 | D:6      | Found Mimarch's Sacrilege Store.
  7204 | D:6      | Reached skill level 6 in Axes
  7995 | D:6      | Reached skill level 5 in Evocations
  8296 | D:7      | Reached skill level 1 in Stealth
  8498 | D:7      | Found a flagged portal.
  8521 | Bailey   | Entered a bailey
  8668 | Bailey   | Reached skill level 5 in Fighting
  8668 | Bailey   | Reached XP level 9. HP: 54/68 MP: 9/9
  8878 | Bailey   | Reached skill level 5 in Armour
  9386 | Bailey   | Reached skill level 7 in Axes
  9724 | Bailey   | Noticed a vault guard
  9743 | Bailey   | Killed a vault guard
  9955 | Bailey   | Noticed a vault guard
 10030 | Bailey   | Slain by a vault guard

Illustrated notes

Levels and vault maps discovered:
D:1:      heliophobic_arrival_battle_scene, layout_basic,
          dilly_ecumenical_altar_fadedgnrine
D:2:      layout_basic, minmay_tiny_reverse_x
D:3:      layout_loops_ring, chequers_serial_rivers_micro_b
D:4:      layout_loops_cross, mainiacjoe_overflow_paths,
          minmay_temple_entry_purple_smoke
D:5:      layout_basic, jmf_multi_god_temple2, minmay_holes,
          kennysheep_generic_room_13
D:6:      layout_basic, minmay_misc_feat_enclosed, nicolae_evil_shop
D:7:      layout_loops_corners, enter_bailey_4, uniq_pikel, uniq_prince_ribbit1,
          uniq_joseph
Bailey:   bailey_axe_froggy_fort_hellmonk, bailey

Skill      XL: |  1  2  3  4  5  6  7  8  9 |
---------------+----------------------------+-----
Evocations     | 1 2 3 4 5 6 |  6.0
Axes           | 3 4 5 6 7 |  7.3
Armour         | 2 3 4 5 |  5.6
Dodging        | 2 3 |  3.9
Fighting       | 4 5 |  5.6
Shields        | 1 2 3 |  3.9
Stealth        | 1 3 |  3.3

Action                   |  1- 3 |  4- 6 |  7- 9 || total
-------------------------+-------+-------+-------++-------
Melee: Hand axe          |   100 |   141 |   392 ||   633
Throw: Throwing net      |       |       |     4 ||     4
Invok: Berserk           |       |     2 |     9 ||    11
       Trog's Hand       |       |       |     2 ||     2
  Use: Scroll            |     4 |     6 |     7 ||    17
       Potion            |       |       |     1 ||     1
 Stab: Held in net/web   |       |       |     3 ||     3
Armor: Animal skin       |     6 |       |       ||     6
       Scale mail        |    29 |    34 |       ||    63
       Gold dragon scale |       |    37 |   223 ||   260
Dodge: Dodged            |    52 |    43 |    22 ||   117
Block: Buckler           |    16 |    38 |   173 ||   227
       Reflection        |       |       |     3 ||     3
